 Dungeon Crawl Stone Soup version 0.21.1-1-g345015f (webtiles) character file.

1292 Guts the Carver (level 8, -3/58 HPs)
             Began as a Human Berserker on Feb 17, 2018.
             Was a Priest of Trog.
             Slain by a fire bat (7 damage)
             ... on level 5 of the Dungeon.
             The game lasted 00:13:13 (4803 turns).

Guts the Carver (Human Berserker)                   Turns: 4803, Time: 00:13:13

Health: -3/58      AC:  4    Str: 20    XL:     8   Next: 86%
Magic:  8/8        EV: 12    Int:  7    God:    Trog [***...]
Gold:   125        SH:  0    Dex: 13    Spells: 7/7 levels left

rFire    . . .     SeeInvis .   a - +0 falchion
rCold    + . .     Gourm    .   (no shield)
rNeg     . . .     Faith    .   s - +2 leather armour {rC+}
rPois    .         Spirit   .   (no helmet)
rElec    .         Reflect  .   h - +0 cloak
rCorr    .         Harm     .   (no gloves)
MR       .....     Rnd*Rage +   (no boots)
Stlth    +.........             (no amulet)
HPRegen  0.19/turn              (no ring)
MPRegen  0.11/turn              (no ring)

@: no status effects
A: hooves 2, berserk 1, deformed body
a: Berserk, Trog's Hand, Burn Spellbooks, Renounce Religion


You were on level 5 of the Dungeon.
You worshipped Trog.
Trog was most pleased with you.
You were not hungry.

You visited 1 branch of the dungeon, and saw 5 of its levels.

You collected 125 gold pieces.

Inventory:

Hand Weapons
 a - a +0 falchion (weapon)
 g - a +4 quarterstaff of chaos
 j - a +0 arbalest
 l - a +0 spear (quivered)
Missiles
 n - 19 bolts
Armour
 b - a +0 animal skin
 f - a +0 scale mail
 h - a +0 cloak (worn)
 i - a +0 plate armour
 q - a +0 ring mail
 s - a +2 leather armour of cold resistance (worn)
 v - a cursed +0 scale mail
Wands
 r - a wand of polymorph (13)
Scrolls
 k - 6 scrolls of identify {unknown}
 o - 6 scrolls of remove curse {unknown}
 p - a scroll of immolation {unknown}
 t - a scroll of fear {unknown}
 u - 2 scrolls of teleportation {unknown}
Potions
 d - 2 potions of resistance
 e - a potion of curing
 m - a potion of haste
Comestibles
 c - 2 rations
 w - 4 chunks of flesh


   Skills:
 + Level 3.4 Fighting
 - Level 10.2 Long Blades
 + Level 2.6 Armour
 - Level 2.0 Dodging


You had 7 spell levels left.
You didn't know any spells.

Dungeon Overview and Level Annotations

Branches:
Dungeon (5/15)             Temple (0/1) D:4

Altars:
Elyvilon
Gozag
Hepliaklqana
Qazlal
Ru

Annotations:
D:5 1 transporter


Innate Abilities, Weirdness & Mutations

You have hoof-like feet.
You tend to lose your temper in combat.
Armour fits poorly on your strangely shaped body.


Message History

The fire bat bites you.
You are engulfed in flames.
The fire bat bites you.
You are engulfed in flames!
* * * LOW HITPOINT WARNING * * *
The fire bat bites you but does no damage.
Unknown command.
You closely miss the fire bat. Your kick misses the fire bat.
The fire bat is severely wounded.
The fire bat bites you.
* * * LOW HITPOINT WARNING * * *
You are engulfed in flames.
* * * LOW HITPOINT WARNING * * *
You closely miss the fire bat. Your kick misses the fire bat.
The fire bat is severely wounded.
The fire bat barely misses you.
You riposte.
You hit the fire bat but do no damage. Your kick misses the fire bat.
The fire bat is severely wounded.
The fire bat bites you.
* * * LOW HITPOINT WARNING * * *
You are engulfed in flames!
You die...

###)####..#.....
#.....##..#..#
#.....##.....#
#........##.## #####
#.....##.##.######### §§..#
#.....##.##.##§§§§§§#§§§§.#
########.##.##§§§§§§#§§§§§#
#.....#§§#.#.§§..$?#
###..©#§§@...§§..$©#
##..#§§#b#.§.§.$!#
#..#§§§§§§#§§§§§#
####§§§§§§#.§§§.# ########
...§# #####


You could see a fire bat.

Vanquished Creatures
  Pikel (D:4)
  Sigmund (D:4)
  Duvessa (D:4)
  An ogre (D:4)
  Dowan (D:4)
  A centaur zombie (D:5)
  2 hounds (D:5)
  2 orc wizards (D:4)
  Crazy Yiuf (D:2)
  Terence (D:2)
  3 worker ants
  A hound skeleton (D:4)
  5 adders
  3 oozes
  4 worms
  2 dart slugs (D:1)
  5 leopard geckos
  6 orcs
  A ball python (D:3)
  4 giant cockroaches
  8 hobgoblins
  6 kobolds
  A quokka (D:3)
  8 bats
  3 frilled lizards
  5 goblins
  2 jackal skeletons
  6 rats
85 creatures vanquished.

Vanquished Creatures (others)
  3 orcs (D:4)
3 creatures vanquished.

Grand Total: 88 creatures vanquished

Notes
Turn   | Place    | Note
-------+----------+-------------------------------------------
     0 | D:1      | Guts the Human Berserker began the quest for the Orb.
     0 | D:1      | Reached XP level 1. HP: 18/18 MP: 1/1
    46 | D:1      | Reached XP level 2. HP: 23/24 MP: 2/2
   523 | D:1      | Reached skill level 4 in Long Blades
   523 | D:1      | Reached XP level 3. HP: 24/29 MP: 3/3
  1526 | D:2      | Reached XP level 4. HP: 7/35 MP: 4/4
  1842 | D:2      | Reached ** piety under Trog
  1887 | D:2      | Found a runed door.
  2032 | D:2      | Noticed Crazy Yiuf
  2037 | D:2      | Killed Crazy Yiuf
  2037 | D:2      | Reached skill level 5 in Long Blades
  2125 | D:2      | Reached XP level 5. HP: 40/41 MP: 5/5
  2492 | D:2      | Noticed Terence
  2498 | D:2      | Killed Terence
  2899 | D:3      | Reached skill level 6 in Long Blades
  3202 | D:3      | Reached XP level 6. HP: 45/47 MP: 6/6
  3355 | D:3      | Found a faded altar of an unknown god.
  3535 | D:3      | Found a white marble altar of Elyvilon.
  3539 | D:3      | Reached *** piety under Trog
  3543 | D:3      | Found a stormy altar of Qazlal.
  3544 | D:3      | Found a sacrificial altar of Ru.
  3572 | D:4      | Noticed an ogre
  3579 | D:4      | Killed an ogre
  3582 | D:4      | Reached skill level 7 in Long Blades
  3648 | D:4      | Noticed Sigmund
  3660 | D:4      | Gained mutation: You tend to lose your temper in combat. [potion of mutation]
  3660 | D:4      | Gained mutation: You have large cloven feet. [potion of mutation]
  3660 | D:4      | Gained mutation: Armour fits poorly on your strangely shaped body. [potion of mutation]
  3660 | D:4      | Gained mutation: You have hoof-like feet. [potion of mutation]
  3665 | D:4      | Killed Sigmund
  3665 | D:4      | Reached XP level 7. HP: 18/52 MP: 7/7
  3742 | D:4      | Found a hazy altar of Hepliaklqana.
  3760 | D:4      | Found a staircase to the Ecumenical Temple.
  3812 | D:4      | Reached skill level 8 in Long Blades
  3910 | D:4      | Noticed Pikel
  3922 | D:4      | Killed Pikel
  3922 | D:4      | Reached skill level 9 in Long Blades
  3922 | D:4      | Reached XP level 8. HP: 19/58 MP: 8/8
  4155 | D:4      | Found an opulent altar of Gozag.
  4423 | D:4      | Noticed Duvessa
  4423 | D:4      | Noticed Dowan
  4428 | D:4      | Killed Duvessa
  4428 | D:4      | Reached skill level 10 in Long Blades
  4445 | D:4      | HP: 2/58 [Dowan/shard of ice (23)]
  4464 | D:4      | Killed Dowan
  4577 | D:5      | Entered Level 5 of the Dungeon
  4778 | D:5      | Found a transporter.
  4792 | D:5      | Found a transporter.
  4792 | D:5      | Noticed a fire bat
  4803 | D:5      | Slain by a fire bat

Skill      XL: |  1  2  3  4  5  6  7  8 |
---------------+-------------------------+-----
Long Blades    | 4 5 6 7 9 10 | 10.2
Fighting       | |  3.4
Armour         | |  2.6
Dodging        | |  2.0

Action                   |  1- 3 |  4- 6 |  7- 9 || total
-------------------------+-------+-------+-------++-------
Melee: Falchion          |    93 |   169 |   107 ||   369
       Kick              |       |     2 |    40 ||    42
Invok: Berserk           |       |     4 |     3 ||     7
       Trog's Hand       |       |       |     2 ||     2
  Use: Potion            |     1 |     3 |     3 ||     7
 Stab: Sleeping          |     1 |       |       ||     1
  Eat: Chunk             |     2 |     7 |     5 ||    14
       Ration            |       |     1 |     1 ||     2
Armor: Animal skin       |    16 |    14 |       ||    30
       Scale mail        |       |    45 |     8 ||    53
       Ring mail         |       |       |    17 ||    17
       Leather armour    |       |       |     5 ||     5
Dodge: Dodged            |    48 |    80 |    51 ||   179
       Rpst.: Falchion   |    16 |    23 |    16 ||    55
